[Event "Titled Tuesday Blitz October 25 Early 2022"]
[White "Rohith Krishna S"]
[Black "Al-Tarboush, Ward"]
[WhiteFideId "46617051"]
[BlackFideId "7601450"]
[WhiteElo "2270"]
[BlackElo "2269"]
[Result "0-1"]
[Round "11"]
[TimeControl "180+1"]
[Date "2022.10.25"]
[WhiteClock "0:01:18"]
[BlackClock "0:01:44"]

1. e4 e5 2. Nf3 Nf6 3. Nc3 Nc6 4. Bc4 Be7 5. d3 O-O 6. O-O d6 7. a4 Bg4 8. h3 Bh5 9. g4 Nxg4 10. hxg4 Bxg4 11. Be3 Kh8 12. Kg2 f5 13. exf5 Rxf5 14. Bd5 Qd7 15. Rh1 Raf8 16. Be4 Bxf3+ 17. Bxf3 Rxf3 18. Qxf3 Rxf3 19. Kxf3 d5 20. Bd2 e4+ 21. dxe4 Nd4+ 22. Kg3 Qd6+ 23. Bf4 Qg6+ 24. Kh3 Qh5+ 25. Kg2 Qf3+ 26. Kg1 Qxf4 27. Nxd5 Qg4+ 28. Kf1 Qe2+ 29. Kg1 Qxe4 30. Ne3 Ne2+ 31. Kf1 Qxh1+ 32. Kxe2 Qxa1 0-1


[Site "https://www.chess.com"]

[Event "Titled Tuesday Blitz October 25 Early 2022"]
[White "Sarana, Alexey"]
[Black "Krysa, Leandro"]
[WhiteFideId "24133795"]
[BlackFideId "116807"]
[WhiteElo "2689"]
[BlackElo "2486"]
[Result "1-0"]
[Round "11"]
[TimeControl "180+1"]
[Date "2022.10.25"]
[WhiteClock "0:01:38"]
[BlackClock "0:00:01"]

1. c4 g6 2. d4 Bg7 3. Nc3 c5 4. d5 Bxc3+ 5. bxc3 d6 6. e4 e5 7. Bd3 Nd7 8. h4 h5 9. Ne2 Nh6 10. f3 f6 11. Be3 Nf7 12. g4 Qe7 13. Ng3 hxg4 14. fxg4 Nb6 15. a4 g5 16. h5 Nh6 17. Be2 a5 18. Kd2 Kd8 19. Rg1 Kc7 20. Nf1 Bd7 21. Qb3 Qe8 22. Bd1 Ra6 23. Bf2 Rf8 24. Ne3 Kb8 25. Be2 Bxa4 26. Qb2 Bd7 27. Rgb1 a4 28. Qa3 Qd8 29. Rb2 Qc7 30. Rab1 Ka7 31. Kd3 Ka8 32. Bf3 Ka7 33. Be1 Rf7 34. Ke2 Rf8 35. Kf2 Rf7 36. Kg3 Rf8 37. Rb5 Rf7 38. Qa2 Rf8 39. R5b2 Ra8 40. Rg2 Kb8 41. Qa3 Kc8 42. Rgb2 Kd8 43. Bd2 Ke7 44. Bc1 R8a7 45. Qa2 Ra8 46. Rd2 R8a7 47. Ba3 Ra8 48. Rdb2 R8a7 49. Rc2 Ra8 50. Qb2 R8a7 51. Qc1 Ra8 52. Rcb2 R8a7 53. Qd2 Ra8 54. Qd3 R8a7 55. Ra2 Ra8 56. Nc2 Qc8 57. Qe2 R8a7 58. Bc1 Ra8 59. Na3 R8a7 60. Rab2 Qc7 61. Be3 Be8 62. Qd2 Nf7 63. h6 Nxh6 64. Bxg5 Nf7 65. Bh4 Bd7 66. g5 Kd8 67. g6 Be8 68. Bxf6+ Kc8 69. Bg4+ Kb8 70. gxf7 Qxf7 71. Qg5 Nd7 72. Be7 Kc7 73. Rf2 Qh7 74. Bf5 Qh8 75. Nb5+ Kb8 76. Bxd6+ 1-0


[Site "https://www.chess.com"]

[Event "Titled Tuesday Blitz October 25 Early 2022"]
[White "Seo, Jung Min"]
[Black "Melikyan, Gnel"]
[WhiteFideId "1734687"]
[BlackFideId "54109990"]
[WhiteElo "2455"]
[BlackElo "2138"]
[Result "1-0"]
[Round "11"]
[TimeControl "180+1"]
[Date "2022.10.25"]
[WhiteClock "0:00:16"]
[BlackClock "0:00:08"]

1. e4 c6 2. d4 d5 3. e5 Bf5 4. Nf3 e6 5. Be2 Nd7 6. O-O c5 7. Be3 h6 8. c4 dxc4 9. Bxc4 a6 10. Nc3 Rc8 11. d5 Nb6 12. Bb3 exd5 13. Nxd5 Nxd5 14. Bxd5 Qb6 15. b4 Be6 16. bxc5 Bxc5 17. Rb1 Bxe3 18. Rxb6 Bxb6 19. Bxe6 fxe6 20. Qd6 Rc6 21. Qb8+ Kf7 22. Nd2 Bc7 23. Qxb7 Ne7 24. Qb2 Rd8 25. Ne4 Rd5 26. f4 Bb6+ 27. Kh1 Nf5 28. g3 Rd4 29. Nd2 Ne3 30. Rc1 Rxc1+ 31. Qxc1 Ba5 32. Nf1 Ng4 33. Kg2 h5 34. Qc6 Bb4 35. Qxa6 Be7 36. h3 Nh6 37. Ne3 Rd2+ 38. Kf3 g6 39. a4 Ng8 40. g4 Bc5 41. Nc4 Rd3+ 42. Ke2 Rxh3 43. f5 gxf5 44. gxf5 exf5 45. Qc6 Be7 46. a5 Rh2+ 47. Kd1 Ra2 48. Qd5+ Kg7 49. Nd6 Rf2 50. Qf7+ Kh8 51. Nxf5 Bf6 52. exf6 Rxf5 53. Qg7# 1-0


[Site "https://www.chess.com"]

[Event "Titled Tuesday Blitz October 25 Early 2022"]
[White "Shankland, Sam"]
[Black "Jobava, Baadur"]
[WhiteFideId "2004887"]
[BlackFideId "13601520"]
[WhiteElo "2612"]
[BlackElo "2582"]
[Result "1/2-1/2"]
[Round "11"]
[TimeControl "180+1"]
[Date "2022.10.25"]
[WhiteClock "0:01:54"]
[BlackClock "0:00:18"]

1. d4 Nf6 2. c4 c5 3. d5 d6 4. Nc3 g6 5. Nf3 Bg7 6. e4 O-O 7. Be2 e6 8. O-O exd5 9. exd5 Bg4 10. h3 Bxf3 11. Bxf3 Nfd7 12. Bf4 Ne5 13. Be2 Nbd7 14. Qd2 f5 15. Rae1 Nf7 16. b3 g5 17. Bh2 Qa5 18. Rc1 Rae8 19. Bh5 f4 20. Rfd1 Bxc3 21. Qxc3 Qxc3 22. Rxc3 Nf6 23. Bxf7+ Rxf7 24. Kf1 Ne4 25. Rc2 h5 26. f3 Ng3+ 27. Bxg3 fxg3 28. Re1 Rxe1+ 29. Kxe1 Re7+ 30. Re2 Kf7 31. Rxe7+ Kxe7 32. Ke2 Kf6 33. Ke3 Ke5 34. Kd3 Kf4 35. Kd2 a6 36. a4 b6 37. Kd3 Kf5 38. Ke3 Ke5 39. Kd3 Kf4 40. Kd2 Ke5 41. Ke3 b5 42. a5 b4 43. Kd3 Kf4 44. Kd2 Kf5 45. Ke3 Ke5 46. Kd3 Kf4 47. Kd2 Kf5 48. Ke3 Ke5 1/2-1/2


[Site "https://www.chess.com"]

[Event "Titled Tuesday Blitz October 25 Early 2022"]
[White "Yeremyan, Alen"]
[Black "Wirig, Anthony"]
[WhiteFideId "13308998"]
[BlackFideId "615013"]
[WhiteElo "2159"]
[BlackElo "2474"]
[Result "1/2-1/2"]
[Round "11"]
[TimeControl "180+1"]
[Date "2022.10.25"]
[WhiteClock "0:01:17"]
[BlackClock "0:00:04"]

1. c4 c5 2. g3 g6 3. Bg2 Bg7 4. e3 e6 5. Ne2 Ne7 6. O-O O-O 7. d4 cxd4 8. Nxd4 d5 9. cxd5 Nxd5 10. Nc3 Nxc3 11. bxc3 Qa5 12. Bd2 Rd8 13. Qe2 Qa6 14. Qxa6 Nxa6 15. Rfd1 Nc5 16. Be1 Bd7 17. Nb3 Na4 18. Bxb7 Rab8 19. Rxd7 Rxd7 20. Bc6 Rc7 21. Bxa4 Bxc3 22. Rc1 Rbc8 23. Bxc3 Rxc3 24. Rxc3 Rxc3 25. Nd4 a6 26. Bb3 Rc1+ 27. Kg2 Kf8 28. h4 Ke7 29. Ne2 Rc5 30. Nf4 Kd6 31. Kf3 Rc1 32. Nd3 Rc7 33. Nb2 Kc5 34. Nd3+ Kb5 35. a4+ Ka5 36. Ke2 Rc3 37. Bd1 Kb6 38. Kd2 Rc7 39. Bb3 a5 40. e4 Kc6 41. Bc4 Kd6 42. Bb5 e5 43. Nb2 Kc5 44. Nc4 Kd4 45. Nxa5 Kxe4 46. Nb3 Kd5 47. a5 f5 48. a6 h6 49. Na5 Kc5 50. Nb7+ Kb6 51. Be2 e4 52. Ke3 Rd7 53. Bc4 g5 54. hxg5 hxg5 55. Be6 Rd3+ 56. Ke2 f4 57. gxf4 gxf4 58. Bf5 Rd4 59. Ke1 e3 60. fxe3 fxe3 61. Ke2 Rd5 62. Bd3 Re5 63. Nd6 Re6 64. Nf5 Ka7 65. Nxe3 Rxa6 66. Bxa6 Kxa6 1/2-1/2


[Site "https://www.chess.com"]

[Event "Titled Tuesday Blitz October 25 Early 2022"]
[White "Zemlyanskii, Ivan"]
[Black "Arabidze, Meri"]
[WhiteFideId "24249971"]
[BlackFideId "13604040"]
[WhiteElo "2107"]
[BlackElo "2403"]
[Result "0-1"]
[Round "11"]
[TimeControl "180+1"]
[Date "2022.10.25"]
[WhiteClock "0:00:01"]
[BlackClock "0:00:11"]

1. d4 Nf6 2. c4 e6 3. Nf3 Bb4+ 4. Bd2 Qe7 5. g3 Nc6 6. b3 Bxd2+ 7. Qxd2 d6 8. Qb2 e5 9. dxe5 dxe5 10. Bg2 O-O 11. O-O Rd8 12. Nc3 e4 13. Ng5 Bf5 14. Qb1 Re8 15. Nh3 Qe5 16. Qb2 e3 17. f4 Qc5 18. Ng5 h6 19. Nf3 Rad8 20. Rad1 Ng4 21. Rd5 Rxd5 22. Nxd5 Nb4 23. Nxb4 Qxb4 24. Nd4 Bc8 25. a3 Qc5 26. Qc3 Qh5 27. Nf3 b6 28. h3 Nf2 29. h4 Qg4 30. Kh2 Ne4 31. Qe1 Nf2 32. Ne5 Qh5 33. Qc3 f6 34. Bf3 Qf5 35. Qxe3 Qh3+ 36. Kg1 Qxg3+ 37. Bg2 Qxe3 38. Bd5+ Be6 39. Rxf2 Bxd5 0-1


[Site "https://www.chess.com"]

[Event "Titled Tuesday Blitz October 25 Early 2022"]
[White "Zhigalko, Sergei"]
[Black "Mirzoev, Azer"]
[WhiteFideId "13502956"]
[BlackFideId "13400304"]
[WhiteElo "2662"]
[BlackElo "2525"]
[Result "1-0"]
[Round "11"]
[TimeControl "180+1"]
[Date "2022.10.25"]
[WhiteClock "0:00:03"]
[BlackClock "0:00:07"]

1. e4 Nf6 2. e5 Nd5 3. Nf3 d6 4. d4 dxe5 5. Nxe5 c6 6. Be2 Nd7 7. Nf3 N7f6 8. O-O Bg4 9. Ne5 Bxe2 10. Qxe2 e6 11. c4 Nb6 12. Rd1 Be7 13. Nc3 O-O 14. Bf4 Nbd7 15. Rd3 Re8 16. Rad1 Nf8 17. h4 Qa5 18. h5 Rad8 19. Rg3 c5 20. Ng4 Nxg4 21. Qxg4 g6 22. d5 Bf6 23. Bg5 Bxg5 24. Qxg5 Qc7 25. Ne4 Nd7 26. d6 Qb6 27. b3 Qc6 28. Re1 e5 29. Qh6 Re6 30. Ng5 Nf8 31. Nxe6 Nxe6 32. hxg6 hxg6 33. Rxe5 Qxd6 34. Rd5 Qe7 35. Rh3 Qf6 36. Qh7+ Kf8 37. Qh8+ Ke7 38. Qxf6+ Kxf6 39. Rxd8 Nxd8 40. Rh8 1-0